 Dungeon Crawl Stone Soup version 0.31.0-32-g396128a36d (webtiles) character file.

Game seed: 15885508505386211856

689 Intuitive the Changeling (level 7, 0/48 HPs)
             Began as an Octopode Shapeshifter on Mar 17, 2024.
             Was an Initiate of Gozag.
             Slain by a black bear (4 damage)
             ... on level 6 of the Dungeon.
             The game lasted 00:07:32 (4937 turns).

Intuitive the Changeling (Octopode Shapeshifter)    Turns: 4937, Time: 00:07:32

Health: 0/48       AC:  1    Str: 14    XL:     7   Next: 63%
Magic:  7/7        EV: 13    Int: 12    God:    Gozag
Gold:   414        SH:  5    Dex: 16    Spells: 6/6 levels left

rFire   . .          .
                       - Unarmed
rCold   . . .        (no shield)
rNeg    . . .        (helmet currently unavailable)
rPois   .            q - amulet of reflection
rElec   .            k - ring of Divine Intervention {rCorr Dex+3}
rCorr   +            (no ring)
SInv    .            (no ring)
Will    .....        (no ring)
Stlth   ++++         (no ring)
HPRegen 0.28/turn    (no ring)
MPRegen 0.10/turn    (no ring)
                     (no ring)

%: reflection
@: beast-form, gold aura
A: beast (slay +3), almost no armour, amphibious, 8 rings, camouflage 1,
gelatinous body 1, (nimble swimmer 1), tentacles
a: Begin Untransformation, Renounce Religion, Potion Petition, Call Merchant,
Bribe Branch


You were on level 6 of the Dungeon.
You worshipped Gozag.
Gozag was aware of your devotion.
You were a hulking beast.
You visited 2 branches of the dungeon, and saw 7 of its levels.

You collected 469 gold pieces.
You paid 55 gold pieces to Gozag.


Innate Abilities, Weirdness & Mutations

You are a hulking beast.
Your limbs bulge with bestial killing power. (Slay +3)
You cannot wear most types of armour.
You are amphibious.
You can wear up to eight rings at the same time.
Your skin changes colour to match your surroundings (Stealth+).
Your rubbery body absorbs attacks. (AC +1, EV +1)
((You are camouflaged when in or above water. (Stealth+)))
You have tentacles for arms and can constrict up to eight enemies at once.


   Skills:
 - Level 4.0 Fighting
 - Level 2.0 Dodging
 - Level 4.0 Stealth
 - Level 3.0 Unarmed Combat
 + Level 6.5 Shapeshifting


You had 6 spell levels left.
You didn't know any spells.
Your spell library contained the following spells:

 Spells                   Type           Power      Damage    Failure   Level
 Sandblast                Erth           0%         2d4       32%         1
 Passwall                 Erth           0%         N/A       69%         3
 Stone Arrow              Conj/Erth      0%         3d7       69%         3
 Brom's Barrelling Bould  Conj/Erth      0%         2d3       97%         4

Inventory:

Missiles
 t - a throwing net {=f}
Armour
 v - a +0 hat
Jewellery
 k - the ring of Divine Intervention (left tentacle) {rCorr Dex+3}
   (You found it on level 3 of the Dungeon)

   [ring of resist corrosion]

   Dex+3:     It affects your dexterity (+3).
   rCorr:     It protects you from acid and corrosion.
 q - an amulet of reflection (around mantle)
Talismans
 b - a beast talisman
 c - a flux talisman
Wands
 a - a wand of roots (11)
Scrolls
 h - 2 scrolls of vulnerability {unknown}
 i - 2 scrolls of revelation {unknown}
 m - a scroll of amnesia {unknown}
 o - a scroll of butterflies {unknown}
 p - 2 scrolls of noise {unknown}
 r - a scroll of enchant armour {unknown}
 u - a scroll of blinking {unknown}
Potions
 d - a potion of invisibility
 e - a potion of mutation
 f - a potion of enlightenment
 g - 2 potions of cancellation
 j - a potion of berserk rage {!q}
 l - 2 potions of curing {@q1}
 n - a potion of might
 s - a potion of brilliance

Dungeon Overview and Level Annotations

Branches:
Dungeon (6/15)             Temple (1/1) D:4

Altars:
Ashenzari
Cheibriados
Dithmenos
Elyvilon
Gozag
Hepliaklqana
Kikubaaqudgha
Nemelex Xobeh
Okawaru
Qazlal
Ru
Sif Muna
Trog
Uskayaw
Vehumet
Wu Jian
Xom
Yredelemnul
Zin

Shops:
D:4 *(=

Annotations:
D:3 3 runed translucent doors, Valrug's ghost, amateur GrEE

#... ...▒ .. #..#
...▒ . #..# #..▒.
#..# #..▒▒ #..#
##..▒▒ #..#
#######....▒▒ #.<#
5........h..▒
#.##########.##....#
#......hh5$...#.#..#
############..#.##.#
#..#h# ## #..#.#
#..#.# #..#.# #..#
#..#


You could see a black bear and a shadow imp.


Message History

* * * LOW HITPOINT WARNING * * *
You miss something. Something barely misses you.
Unknown command.
The shadow imp shouts, "Turn tail, thou villainous weeb-spouting jarkman!"
You tentacle-slap something. Something completely misses you.
You closely miss something. You block something's attack.
Unknown command.
You tentacle-slap something. Something barely misses you.
You tentacle-slap something. You squeeze something. Something hits you.
* * * LOW HITPOINT WARNING * * *
Something shocks you.
* * * LOW HITPOINT WARNING * * *
Unknown command.
You tentacle-slap something.
Reactivating autopickup.
You feel a bit more experienced.
You tentacle-slap the black bear. You grab the black bear.
You tentacle-slap the black bear.
The black bear is heavily wounded.
You constrict the black bear. The black bear bites you.
* * * LOW HITPOINT WARNING * * *
The black bear claws you but does no damage.
The black bear barely misses you.
You tentacle-slap the black bear.
The black bear is severely wounded.
You constrict the black bear. The black bear bites you.
* * * LOW HITPOINT WARNING * * *
The black bear claws you.
You die...
Your body crumbles into a pile of gold.

Skill      XL: |  1  2  3  4  5  6  7 |
---------------+----------------------+-----
Fighting       | 2 3 4 |  4.0
Shapeshifting  | 5 6 |  6.5
Stealth        | 3 4 |  4.0
Dodging        | |  2.0
Unarmed Combat | |  3.0

Action                     |  1- 3 |  4- 6 |  7- 9 || total
---------------------------+-------+-------+-------++-------
  Melee: Unarmed           |    51 |    77 |    55 ||   183
         Tentacles         |     9 |    12 |    14 ||    35
         Constrict         |    10 |    19 |    13 ||    42
         Punch             |     1 |       |     3 ||     4
  Evoke: Wand              |       |       |     1 ||     1
    Use: Scroll            |       |     5 |     5 ||    10
         Potion            |       |     2 |     1 ||     3
   Stab: Sleeping          |     6 |     1 |     2 ||     9
 Armour: Skin              |    17 |    35 |    37 ||    89
  Dodge: Dodged            |    36 |    37 |    31 ||   104
  Block: Other             |       |     2 |    13 ||    15

Levels and vault maps discovered:
D:1:      heliophobic_arrival_henge, layout_loops_ring
D:2:      layout_basic, ebering_ecumenical_altar_hall, uniq_sigmund
D:3:      layout_basic, ebering_ghost_rock_garden
D:4:      minmay_recursive_quarters, layout_cave_pods, kennysheep_little_box,
          minmay_temple_entry_slanted, nicolae_shop_distant_corner_stores,
          hellmonk_no_cap
D:5:      layout_gridville, overflow_temple_1_default, minmay_misc_feat_chi
D:6:      cheibrodos_iron_armory, layout_basic, nicolae_ossuary_entry_giza,
          uniq_crazy_yiuf_cottage
Temple:   nicolae_temple_bog_church

Notes
Turn   | Place    | Note
-------+----------+-------------------------------------------
     0 | D:1      | Intuitive the Octopode Shapeshifter began the quest for the
                  | Orb.
     0 | D:1      | Reached XP level 1. HP: 13/13 MP: 1/1
   197 | D:1      | Reached skill level 2 in Fighting
   197 | D:1      | Reached XP level 2. HP: 19/19 MP: 2/2
   825 | D:2      | Reached XP level 3. HP: 18/25 MP: 3/3
   920 | D:2      | Noticed Sigmund
  1079 | D:2      | Reached skill level 3 in Fighting
  1268 | D:2      | Killed Sigmund
  1269 | D:2      | Reached skill level 4 in Shapeshifting
  1269 | D:2      | Reached skill level 5 in Shapeshifting
  1269 | D:2      | Reached XP level 4. HP: 31/31 MP: 4/4
  1269 | D:2      | Reached XP level 5. HP: 36/36 MP: 5/5
  1765 | D:2      | Found a faded altar of an unknown god.
  2153 | D:3      | Found a runed translucent gate.
  2153 | D:3      | Found a runed translucent gate.
  2153 | D:3      | Found a runed translucent gate.
  2154 | D:3      | Noticed Valrug's ghost (amateur GrEE)
  2488 | D:3      | Identified the ring of Divine Intervention {rCorr Dex+3}
  2593 | D:4      | Reached XP level 6. HP: 23/42 MP: 6/6
  2680 | D:4      | Found a staircase to the Ecumenical Temple.
  2689 | Temple   | Entered the Ecumenical Temple
  2706 | Temple   | Became a worshipper of Gozag Ym Sagoz the Greedy
  2749 | D:4      | Found a shimmering altar of Xom.
  2784 | D:4      | Found Heediem's Weapon Shop.
  2785 | D:4      | Found Yklacos's General Store.
  2786 | D:4      | Found Teys's Jewellery Shop.
  2826 | D:4      | Reached skill level 1 in Stealth
  2833 | D:4      | Reached skill level 2 in Stealth
  2929 | D:4      | Reached skill level 3 in Stealth
  3005 | D:4      | HP: 3/42 [gnoll/+0 flail (5)]
  3342 | D:4      | Reached skill level 6 in Shapeshifting
  3342 | D:4      | Reached XP level 7. HP: 30/46 MP: 7/7
  3579 | D:5      | Entered Level 5 of the Dungeon
  3628 | D:5      | Reached skill level 4 in Stealth
  3809 | D:5      | Found a radiant altar of Vehumet.
  3824 | D:5      | Identified the +1 mace "Hamynuero" {heavy, rF++ rCorr MP+9
                  | Stlth-}
  4629 | D:4      | Reached skill level 4 in Fighting
  4937 | D:6      | HP: 4/48 [black bear (3)]
  4937 | D:6      | Slain by a black bear

Vanquished Creatures
  Sigmund (D:2)
  A sky beast (D:6)
  A howler monkey (D:4)
  2 hounds
  2 jellies (D:4)
  2 iguanas (D:4)
  An orc wizard (D:4)
  A sleepcap (D:4)
  8 gnolls
  3 adders
  2 ufetubi (D:5)
  3 dart slugs
  A ribbon worm (D:2)
  6 orcs
  A ball python (D:4)
  4 endoplasms
  2 giant cockroaches
  4 goblins
  6 hobgoblins
  2 jackals (D:3)
  2 quokkas
  6 bats
  2 frilled lizards
  5 kobolds
  2 rats
70 creatures vanquished.

Table legend: (Time is in decaauts)
 A = Elapsed time spent in this place.
 B = Non-inter-level travel time spent in this place.
 C = Inter-level travel time spent in this place.
 D = Time resting spent in this place.
 E = Time spent auto-exploring this place.
 F = Levels seen in this place.
 G = Mean time per level.
                   A        B        C        D        E       F      G
               +--------+--------+--------+--------+--------+-----+--------+
         Total |   4908 |   4687 |    221 |   1035 |   3002 |   7 |  701.1 |
       Dungeon |   4873 |   4686 |    187 |   1035 |   3002 |   6 |  812.2 |
        Temple |     34 |      1 |     33 |      0 |      0 |   1 |   34.0 |
               +--------+--------+--------+--------+--------+-----+--------+

Top non-repeatable levels by time:
     D:4: 1610 daAuts
     D:2: 1164 daAuts
     D:1: 873 daAuts
     D:5: 693 daAuts
     D:3: 488 daAuts
     D:6: 43 daAuts
  Temple: 34 daAuts

Table legend:
 A = Non-vault XP
 B = Vault XP
 C = Vault XP percentage of total XP
 D = Non-vault monster count
 E = Vault monster count
 F = Vault count percentage of total count
                 A         B        C        D         E       F
            +---------+---------+-------+---------+---------+-------
      Total |     575 |     410 |  41.6 |      62 |       8 |  11.4
            +---------+---------+-------+---------+---------+-------
        D:1 |      25 |       0 |   0.0 |      15 |       0 |   0.0
        D:2 |      33 |     214 |  86.6 |      16 |       1 |   5.9
        D:3 |      13 |       0 |   0.0 |       6 |       0 |   0.0
        D:4 |     229 |     196 |  46.1 |      14 |       7 |  33.3
        D:5 |     101 |       0 |   0.0 |       9 |       0 |   0.0
        D:6 |     174 |       0 |   0.0 |       2 |       0 |   0.0
            +---------+---------+-------+---------+---------+-------
